 Dungeon Crawl Stone Soup version 0.31.0-4-g52a2dc7128 (webtiles) character file.

Game seed: 13307285429611821621

332 Strat the Sneak (level 6, 0/32 HPs)
             Began as a Vine Stalker Necromancer on Jan 22, 2024.
             Was an Initiate of Ru.
             Slain by a sleepcap (2 damage)
             ... on level 5 of the Dungeon.
             The game lasted 00:12:08 (4097 turns).

Strat the Sneak (Vine Stalker Necromancer)          Turns: 4097, Time: 00:12:08

Health: 0/32       AC:  4    Str: 11    XL:     6   Next: 52%
Magic:  0/10       EV: 12    Int: 15    God:    Ru [......]
Gold:   327        SH:  0    Dex: 16    Spells: 8/9 levels left

rFire   . . .        a - +0 dagger
rCold   . . .        (no shield)
rNeg    . . .        e - +0 robe
rPois   .            r - +1 helmet
rElec   .            (no cloak)
rCorr   .            (no gloves)
SInv    .            (no boots)
Will    .....        (no amulet)
Stlth   +++          (no ring)
HPRegen 1.05/turn    (no ring)
MPRegen 0.12/turn

%: guardian spirit
@: no status effects
A: fangs 2, regeneration 1, magic shield, antimagic bite, no potion heal 2
a: Renounce Religion


You were on level 5 of the Dungeon.
You worshipped Ru.
Ru was noncommittal.
You visited 2 branches of the dungeon, and saw 6 of its levels.

You collected 327 gold pieces.

Inventory:

Hand Weapons
 a - a +0 dagger (weapon)
Armour
 e - a +0 robe (worn)
 i - a +0 buckler
 j - an orb of mayhem
 r - a +1 helmet (worn)
Scrolls
 c - 2 scrolls of teleportation
 g - a scroll of identify
 k - a scroll of revelation
 l - a scroll of amnesia
 m - 2 scrolls of enchant armour {unknown}
 n - a scroll of noise {unknown}
 o - a scroll of enchant weapon {unknown}
 q - a scroll of poison {unknown}
 t - a scroll of vulnerability {unknown}
Potions
 b - a potion of magic
 d - a potion of lignification
 f - a potion of cancellation
 h - a potion of enlightenment
 p - a potion of mutation
 s - 3 potions of brilliance


   Skills:
 + Level 3.0 Fighting
 * Level 3.5 Short Blades
 - Level 1.5 Dodging
 - Level 5.0 Stealth
 - Level 2.1 Spellcasting
 - Level 4.0 Necromancy


You had 8 spell levels left.
You knew the following spells:

 Your Spells              Type           Power      Damage    Failure   Level
a - Necrotise             Necr           52%        1d6       4%          1

Your spell library contained the following spells:

 Spells                   Type           Power      Damage    Failure   Level
 Vampiric Draining        Necr           13%        2d6       13%         3
 Jinxbite                 Hex            2%         N/A       32%         2
 Animate Dead             Necr           13%        N/A       38%         4
 Call Canine Familiar     Summ           1%         N/A       54%         3
 Sigil of Binding         Hex            1%         N/A       54%         3
 Curse of Agony           Necr           13%        N/A       75%         5
 Dimensional Bullseye     Hex/Tloc       0%         N/A       91%         4
 Yara's Violent Unravell  Hex/Alch       0%         3d3       99%         5
 Enfeeble                 Hex            0%         N/A       100%        7


Dungeon Overview and Level Annotations

Branches:
Dungeon (5/15)             Temple (1/1) D:4

Altars:
Ashenzari
Dithmenos
Elyvilon
Fedhas
Gozag
Hepliaklqana
Kikubaaqudgha
Makhleb
Nemelex Xobeh
Okawaru
Ru
Sif Muna
Trog
Uskayaw
Vehumet
Wu Jian
Xom
Yredelemnul
Zin
The Shining One

Shops:
D:2 (

Annotations:
D:4 1 runed translucent door, snydleywhiplash's ghost, amateur MiFi


Innate Abilities, Weirdness & Mutations

You have extremely sharp teeth.
Your natural rate of healing is unusually fast.
When hurt, damage is shared between your health and your magic reserves.
Your bite disrupts and absorbs the magic of your enemies.
Potions cannot restore your health.


Message History

The sleepcap releases spores at you.
* * * LOW HITPOINT WARNING * * *
You are engulfed in a cloud of soporific spores!
You are unaffected.
You hit the sleepcap but do no damage. You bite the sleepcap.
You drain its power.
You feel invigorated.
The sleepcap is heavily damaged.
The sleepcap barely misses you.
You hit the sleepcap but do no damage.
You bite the sleepcap, but do no damage.
The sleepcap is heavily damaged.
The sleepcap releases spores at you but does no damage.
You hit the sleepcap.
The sleepcap is heavily damaged.
The sleepcap releases spores at you!
* * * LOW HITPOINT WARNING * * *
You hit the sleepcap but do no damage.
The sleepcap is heavily damaged.
You completely miss the sleepcap.
The sleepcap is heavily damaged.
The sleepcap releases spores at you.
* * * LOW HITPOINT WARNING * * *
You are engulfed in a cloud of soporific spores!
You fall asleep.
The sleepcap releases spores at you but does no damage.
The sleepcap releases spores at you!
You wake up.
* * * LOW HITPOINT WARNING * * *
You are engulfed in a cloud of soporific spores!
You are unaffected.
You hit the sleepcap but do no damage. You bite the sleepcap.
You drain its power.
You feel invigorated.
The sleepcap is severely damaged.
The sleepcap releases spores at you.
* * * LOW HITPOINT WARNING * * *
You are engulfed in a cloud of soporific spores!
You are unaffected.
You hit the sleepcap.
The sleepcap is almost destroyed.
The sleepcap releases spores at you.
You die...

### ####### #.# # ......# #.# #
......# #.## # ......# #..# #
l.....##############..## #
...g...<........@f.....#####**###
......##############.........,...
........# #.........#*##.
.....l..###########.........##...
.................................
#.......###..######.........#....
#......g####.# #.............#
#.....g..###.### #............#*
#..............####...|......####


You could see a sleepcap.

Vanquished Creatures
  A jelly (D:3)
  2 hounds
  A sleepcap (D:5)
  An orc wizard (D:5)
  6 gnolls
  2 adders
  A ribbon worm (D:2)
  3 dart slugs
  16 orcs
  5 endoplasms
  5 giant cockroaches
  4 goblins
  8 hobgoblins
  A jackal (D:2)
  9 kobolds
  5 quokkas
  4 ball pythons
  8 bats
  4 frilled lizards
  6 rats
92 creatures vanquished.

Notes
Turn   | Place    | Note
-------+----------+-------------------------------------------
     0 | D:1      | Strat the Vine Stalker Necromancer began the quest for the
                  | Orb.
     0 | D:1      | Reached XP level 1. HP: 9/9 MP: 4/4
   117 | D:1      | Reached XP level 2. HP: 14/14 MP: 4/6
   135 | D:1      | Reached skill level 1 in Fighting
   135 | D:1      | Reached skill level 3 in Stealth
   525 | D:1      | Reached XP level 3. HP: 18/18 MP: 7/7
   727 | D:2      | Found an iron altar of Okawaru.
  1122 | D:2      | Reached skill level 1 in Short Blades
  1128 | D:2      | Reached XP level 4. HP: 23/23 MP: 8/8
  1130 | D:2      | Found a faded altar of an unknown god.
  1179 | D:2      | Reached skill level 4 in Stealth
  1218 | D:2      | Found Puazozae's Antique Weapon Emporium.
  1698 | D:3      | Reached XP level 5. HP: 26/26 MP: 9/9
  1974 | D:3      | Found a glowing golden altar of the Shining One.
  1974 | D:3      | Found a white marble altar of Elyvilon.
  2412 | D:4      | Noticed snydleywhiplash's ghost (amateur MiFi)
  2417 | D:4      | Found a runed translucent door.
  2596 | D:4      | Found a staircase to the Ecumenical Temple.
  2612 | Temple   | Entered the Ecumenical Temple
  2629 | Temple   | Became a worshipper of Ru the Awakened
  3081 | D:5      | Entered Level 5 of the Dungeon
  3145 | D:5      | Noticed an ogre
  3345 | D:5      | Reached XP level 6. HP: 29/32 MP: 8/10
  3464 | D:5      | Reached skill level 5 in Stealth
  4097 | D:5      | Slain by a sleepcap

Illustrated notes

Levels and vault maps discovered:
D:1:      dpeg_arrival_water_temple_mockup, layout_loops_ring, minivault_23,
          minmay_shallow_snake_nest
D:2:      kennysheep_six_static_rooms, layout_loops_ring, serial_shops,
          nicolae_shop_tiny_glass, chequers_ecumenical_altar_simple_redux,
          basic_altar
D:3:      layout_basic, jmf_multi_god_temple
D:4:      layout_loops_ring, minmay_temple_entry_statues_pillars,
          hellmonk_ghost_happy_afterlife
D:5:      layout_rooms
Temple:   regret_index_temple_chain_breaker

Skill      XL: |  1  2  3  4  5  6 |
---------------+-------------------+-----
Fighting       | 1 2 3 |  3.0
Stealth        | 3 4 5 |  5.0
Short Blades   | 1 3 |  3.5
Dodging        | |  1.5
Spellcasting   | |  2.1
Necromancy     | |  4.0

Action                     |  1- 3 |  4- 6 || total
---------------------------+-------+-------++-------
  Melee: Unarmed           |    64 |       ||    64
         Bite              |    46 |    92 ||   138
         Punch             |     2 |     4 ||     6
         Dagger            |   112 |   319 ||   431
   Cast: Necrotise         |     1 |       ||     1
    Use: Scroll            |       |     9 ||     9
   Stab: Sleeping          |     9 |     9 ||    18
         Distracted        |       |     1 ||     1
 Armour: Robe              |    76 |   187 ||   263
  Dodge: Dodged            |   117 |   156 ||   273
